 Dungeon Crawl Stone Soup version 0.26-a0-504-g0cf647090d (webtiles) character file.

Game seed: 4109489164604493321

375 KristoblXynda the Ducker (level 6, -3/47 HPs)
             Began as a Vampire Gladiator on Aug 8, 2020.
             Was an Initiate of Okawaru.
             Slain by an ogre
             ... wielding a +0 giant club
              (17 damage)
             ... on level 4 of the Dungeon.
             The game lasted 00:05:56 (3555 turns).

KristoblXynda the Ducker (Vampire Gladiator)        Turns: 3555, Time: 00:05:56

Health: -3/47      AC:  7    Str: 13 (14) XL:     6   Next: 44%
Magic:  6/6        EV: 13    Int: 10 (11) God:    Okawaru [......]
Gold:   192        SH:  0    Dex: 15 (16) Spells: 5/5 levels left

rFire    . . .     SeeInvis +   a - +0 long sword
rCold    . . .     Faith    .   (no shield)
rNeg     . . .     Spirit   .   h - +0 ring mail
rPois    .         Reflect  .   m - +2 hat
rElec    .         Harm     .   (no cloak)
rCorr    .                      (no gloves)
MR       .....                  (no boots)
Stlth    +.........             (no amulet)
HPRegen  0.35/turn              (no ring)
MPRegen  0.10/turn              (no ring)

@: mighty, regenerating quickly, hasted, very quick
A: fangs 3, see invisible, unbreathing
a: Exsanguinate, Renounce Religion


You were on level 4 of the Dungeon.
You worshipped Okawaru.
Okawaru was noncommittal.
You visited 1 branch of the dungeon, and saw 4 of its levels.

You collected 192 gold pieces.

Inventory:

Hand Weapons
 a - a +0 long sword (weapon)
Missiles
 d - 3 throwing nets (quivered)
Armour
 h - a +0 ring mail (worn)
 m - a +2 hat (worn)
Jewellery
 c - an uncursed ring of wizardry
 n - an uncursed ring of ice {unknown}
Wands
 o - a wand of polymorph (2)
Scrolls
 b - a scroll of enchant weapon {unknown}
 e - 7 scrolls of identify {unknown}
 f - a scroll of teleportation {unknown}
 j - a scroll of magic mapping {unknown}
 k - 2 scrolls of remove curse {unknown}
 p - a scroll of fear {unknown}
Potions
 i - a potion of degeneration


   Skills:
 - Level 3.2 Fighting
 + Level 4.4 Long Blades
 - Level 2.0 Throwing
 + Level 2.1 Armour
 + Level 4.9 Dodging
 + Level 2.0 Stealth


You had 5 spell levels left.
You didn't know any spells.
Your spell library contained the following spells:

 Spells                   Type           Power        Failure   Level
 Magic Dart               Conj           #...         63%         1
 Blink                    Tloc           N/A          77%         2
 Call Imp                 Summ           #.......     77%         2
 Slow                     Hex            #.......     77%         2
 Conjure Flame            Conj/Fire      #.......     94%         3
 Mephitic Cloud           Conj/Pois/Air  #.......     94%         3


Dungeon Overview and Level Annotations

Branches:
Dungeon (4/15)
 Temple: D:4-7

Altars:
Elyvilon
Makhleb
Okawaru

Annotations:
D:3 3 runed translucent doors, KristoblXynda's ghost, amateur NaBe


Innate Abilities, Weirdness & Mutations

Your natural rate of healing is unusually fast.
You have razor-sharp teeth.
You have supernaturally acute eyesight. (SInv)
You can survive without breathing.


Message History

Pain shoots through your body!
The orc priest casts a cantrip, but nothing happens.
Items here: )) [[ ††.
An orc priest is nearby!
The orc priest miscasts a cantrip.
You hit the ogre but do no damage. You bite the ogre, but do no damage.
The ogre hits you with a +0 giant club!!
* * * LOW HITPOINT WARNING * * *
It was a potion of degeneration.
There was something very wrong with that liquid.
You feel weakened.
You feel dopey.
You feel clumsy.
The orc priest miscasts a cantrip.
The ogre barely misses you.
The orc priest casts a cantrip, but nothing happens.
It was a potion of might.
You feel very mighty all of a sudden. The orc priest barely misses you.
It was a potion of haste.
You feel yourself speed up. The ogre hits you with a +0 giant club!
You die...

# #.#.#.#.###
#########O#...#...###.#
...........o#####.....#
#.#########o..#...#####
#.# ##.#.#.###### #.#
#.#........... #.##
##.##.########
...########.O#.#####
..>.†..#.#o#.#.#@#.#
...####.#.#.#.#O#o##
#.## ##.#.#.#o#.#.# #.#
#.#.#.#.#.#.## .. . #.#
##.#.#.#o#.#.#(# ..# ##
#.# #.#.#(#.#.#.##.###
... . #.#
##.#.#.#.#.#.....# #.# #
#.#
#.#.#.#.#.#.####.#####.#
# #.# ##.#.#.#.#.#.#
#....##.# #


You could see an ogre and 2 orc priests.

Vanquished Creatures
  A scorpion (D:4)
  2 orc priests (D:4)
  Robin (D:2)
  A gnoll (D:2)
  10 adders
  An ooze (D:2)
  4 worms
  A dart slug (D:2)
  2 leopard geckos
  8 orcs
  14 bats
  3 giant cockroaches
  22 goblins
  16 hobgoblins
  3 jackals (D:3)
  15 kobolds
  A quokka (D:2)
  6 ball pythons
  7 frilled lizards
  14 rats
132 creatures vanquished.

Notes
Turn   | Place    | Note
-------+----------+-------------------------------------------
     0 | D:1      | KristoblXynda the Vampire Gladiator began the quest for the
                  | Orb.
     0 | D:1      | Reached XP level 1. HP: 16/16 MP: 1/1
    70 | D:1      | Reached XP level 2. HP: 22/22 MP: 2/2
   515 | D:1      | Reached XP level 3. HP: 27/27 MP: 3/3
  1274 | D:2      | Found a burning altar of Makhleb.
  1498 | D:2      | Reached XP level 4. HP: 24/34 MP: 4/4
  1681 | D:2      | Reached skill level 1 in Armour
  1772 | D:2      | Noticed Robin
  1782 | D:2      | Killed Robin
  1814 | D:2      | Reached XP level 5. HP: 26/40 MP: 5/5
  2004 | D:2      | Found a white marble altar of Elyvilon.
  2683 | D:3      | Noticed KristoblXynda's ghost (amateur NaBe)
  2701 | D:3      | Found a runed translucent gate.
  2701 | D:3      | Found a runed translucent gate.
  2703 | D:3      | Found a runed translucent gate.
  2741 | D:3      | Found an iron altar of Okawaru.
  2761 | D:3      | Became a worshipper of Warmaster Okawaru
  3404 | D:4      | Reached skill level 1 in Stealth
  3404 | D:4      | Reached XP level 6. HP: 47/47 MP: 6/6
  3555 | D:4      | Slain by an ogre

Illustrated notes

Levels and vault maps discovered:
D:1:      dpeg_arrival_arbitrary_b, layout_basic, minmay_bisected
D:2:      minmay_alternating_diamond, layout_basic, elyvilon_altar_5,
          bloody_makhleb, minmay_misc_feat_tower, minmay_joined_circles,
          uniq_robin
D:3:      layout_loops_ring, okawaru_ov_weapons_minmay, gammafunk_ghost_split
D:4:      layout_loops_ring, minivault_23

Skill      XL: |  1  2  3  4  5  6 |
---------------+-------------------+-----
Fighting       | 2 3 |  3.2
Throwing       | 2 |  2.0
Dodging        | 4 |  4.9
Armour         | 1 2 |  2.1
Long Blades    | 4 |  4.4
Stealth        | 1 2 |  2.0

Action                   |  1- 3 |  4- 6 || total
-------------------------+-------+-------++-------
Melee: Long sword        |   149 |   211 ||   360
       Bite              |    10 |    27 ||    37
       Unarmed           |       |    20 ||    20
  Use: Potion            |       |     3 ||     3
 Stab: Sleeping          |     1 |       ||     1
Armor: Leather armour    |    28 |       ||    28
       Ring mail         |    28 |    66 ||    94
       Skin              |       |     1 ||     1
Dodge: Dodged            |   110 |   169 ||   279
       Rpst.: Long sword |    34 |    42 ||    76

Table legend: (Time is in decaauts)
 A = Elapsed time spent in this place.
 B = Non-inter-level travel time spent in this place.
 C = Inter-level travel time spent in this place.
 D = Time resting spent in this place.
 E = Time spent auto-exploring this place.
 F = Levels seen in this place.
 G = Mean time per level.
                   A        B        C        D        E       F      G
               +--------+--------+--------+--------+--------+-----+--------+
         Total |   3631 |   3491 |    140 |    548 |   1812 |   4 |  907.8 |
       Dungeon |   3631 |   3491 |    140 |    548 |   1812 |   4 |  907.8 |
               +--------+--------+--------+--------+--------+-----+--------+

Top non-repeatable levels by time:
     D:2: 1382 daAuts
     D:1: 1251 daAuts
     D:3: 781 daAuts
     D:4: 216 daAuts
